 Dungeon Crawl Stone Soup version 0.28-a0-1415-g7c84da036a (webtiles) character file.

Game seed: 18086055935981540343

19987 Shayle the Nimble (level 12, 0/119 HPs)
             Began as an Ogre Warper on Jan 7, 2022.
             Was a Believer of Ru.
             Succumbed to a cane toad's poison
             ... on level 3 of the Lair of Beasts.
             The game lasted 01:08:19 (21124 turns).

Shayle the Nimble (Ogre Warper)                    Turns: 21124, Time: 01:08:20

Health: 0/119      AC:  2    Str: 18    XL:     12   Next: 74%
Magic:  16/22      EV: 28    Int: 20    God:    Ru [**....]
Gold:   778        SH:  5    Dex: 17    Spells: 4/25 levels left

rFire   . . .      SeeInvis .     - Unarmed
rCold   . . .      Faith    .   (shield currently unavailable)
rNeg    . . .      Spirit   .   (armour currently unavailable)
rPois   x          Reflect  +   (helmet currently unavailable)
rElec   .          Harm     .   (cloak currently unavailable)
rCorr   .          Rampage  .   (gloves unavailable)
Will    +....                   (boots unavailable)
Stlth   ++........              t - amulet of reflection
HPRegen 0.29/turn               k - ring of wizardry
MPRegen 0.18/turn               z - +6 ring of intelligence

@: lethally poisoned (0 -> -26), spider-form
A: venomous fangs, tiny, unfitting armour, screaming 1, (tough skin 1), no fire
magic, no hexes magic, no necromancy magic, disrupted magic 1
a: End Transformation, Renounce Religion


You were on level 3 of the Lair of Beasts.
You worshipped Ru.
Ru was pleased with you.
You were a venomous arachnid creature.
You visited 3 branches of the dungeon, and saw 15 of its levels.
You also visited: Bailey.

You collected 778 gold pieces.

Inventory:

Hand Weapons
 o - the +10 hand axe "Gaoluivic" (melded) {vorpal, +Blink Dex+6}
   (You found it on level 10 of the Dungeon)

   It inflicts extra damage upon your enemies.
   Dex:       It affects your dexterity (+6).
   +Blink:    It lets you blink.
 y - a +4 morningstar
 C - a +4 vorpal giant spiked club
 K - a +2 dagger of venom
 O - a +3 hand axe
Missiles
 c - 2 boomerangs of dispersal
 e - 5 boomerangs
 f - 50 poisoned darts
 g - 7 javelins
 D - a throwing net
 P - a curare-tipped dart
Armour
 a - a +0 robe (melded)
 m - the +2 hat of Spring (melded) {Rampage Int+2 Stlth+}
   (You acquired it on level 8 of the Dungeon)

   Int:       It affects your intelligence (+2).
   Rampage:   It bestows one free step when moving towards enemies.
   Stlth:     It makes you more stealthy.
 p - a +2 robe of fire resistance
 u - a +0 robe of fire resistance
 G - an orb of wrath (melded)
Jewellery
 i - a ring of willpower
 k - a ring of wizardry (left front leg)
 s - a ring of resist corrosion
 t - an amulet of reflection (around neck)
 z - a +6 ring of intelligence (right front leg)
 F - a ring of protection from fire
Wands
 l - a wand of paralysis (5)
 B - a wand of acid (2)
 R - a wand of iceblast (3)
Scrolls
 h - 3 scrolls of identify
 n - a scroll of teleportation
 q - a scroll of magic mapping
 v - a scroll of fog
 A - 2 scrolls of immolation
 H - a scroll of fear
 I - a scroll of amnesia
 J - a scroll of silence
Potions
 b - 4 potions of attraction
 d - 4 potions of might
 j - 4 potions of haste
 r - 3 potions of flight
 w - a potion of lignification
 x - a potion of brilliance
 E - a potion of invisibility
 L - 9 potions of ambrosia


   Skills:
 + Level 8.1 Fighting
 - Level 1.0 Throwing
 + Level 10.8 Dodging
 - Level 9.0 Unarmed Combat
 + Level 7.0 Spellcasting
 + Level 5.2 Conjurations
 - Level 2.6 Translocations
 - Level 8.0 Transmutations
 + Level 2.8 Ice Magic
 + Level 3.0 Air Magic
 - Level 2.4 Poison Magic


You had 4 spell levels left.
You knew the following spells:

 Your Spells              Type           Power      Damage    Failure   Level
a - Blink                 Tloc           34%        N/A       9%          2
b - Beastly Appendage     Tmut           78%        N/A       2%          1
c - Spider Form           Tmut/Pois      27%        N/A       6%          3
d - Mephitic Cloud        Conj/Pois/Air  21%        N/A       11%         3
e - Iskenderun's Mystic   Conj/Tloc      22%        2d6       21%         4
f - Call Canine Familiar  Summ           7%         N/A       28%         3
g - Freezing Cloud        Conj/Ice/Air   10%        6-21      45%         5

Your spell library contained the following spells:

 Spells                   Type           Power      Damage    Failure   Level
 Wereblood                Tmut           39%        N/A       2%          2
 Magic Dart               Conj           100%       1d8       3%          1
 Summon Small Mammal      Summ           28%        N/A       13%         1
 Gell's Gravitas          Tloc           17%        N/A       13%         3
 Lesser Beckoning         Tloc           17%        N/A       13%         3
 Teleport Other           Tloc           17%        N/A       13%         3
 Call Imp                 Summ           7%         N/A       17%         2
 Manifold Assault         Tloc           17%        N/A       56%         5
 Polar Vortex             Ice            9%         N/A       100%        9
 Corpse Rot               Necr/Air       Unusable   N/A       N/A         2
 Ensorcelled Hibernation  Hex/Ice        Unusable   N/A       N/A         2
 Dazzling Flash           Conj/Hex       Unusable   N/A       N/A         3
 Summon Guardian Golem    Hex/Summ       Unusable   N/A       N/A         3
 Dispel Undead            Necr           Unusable   3d8       N/A         4
 Silence                  Hex/Air        Unusable   N/A       N/A         5
 Agony                    Necr           Unusable   N/A       N/A         5
 Starburst                Conj/Fire      Unusable   6d4       N/A         6
 Simulacrum               Ice/Necr       Unusable   N/A       N/A         6
 Death Channel            Necr           Unusable   N/A       N/A         6

Dungeon Overview and Level Annotations

Branches:
Dungeon (11/15)            Temple (1/1) D:5            Lair (3/6) D:10
  Swamp (0/4) Lair:2       Bailey (visited)
 Shoals: Lair:2-4     Snake: Lair:2-4    Spider: Lair:2-4       Orc: D:9-12

Altars:
Cheibriados
Dithmenos
Gozag
Makhleb
Ru
Trog
Uskayaw
Xom
Zin
The Shining One

Shops:
D:5 *   D:8 [

Annotations:
Lair:1 3 runed translucent doors, Ecyzas's ghost, journeyman TeCj
Lair:2 1 runed translucent door, 6 exclusions, southernslant's ghost, journeyman GrGl


Innate Abilities, Weirdness & Mutations

You are a venomous arachnid creature.
You have poisonous fangs.
You are tiny and dextrous.
Your spellcasting is less reliable in this form.
Your armour is entirely melded.
You are incapable of wielding weapons or throwing items.
You are too large for most types of armour.
You occasionally shout uncontrollably at your foes.
((You have tough skin. (AC +1)))
You cannot study or cast Fire magic.
You cannot study or cast Hexes magic.
You cannot study or cast Necromancy magic.
Your casting is slightly disrupted.


Message History

The komodo dragon misses you.
The cane toad is stunned by your conviction and fails to attack.
You barely miss the cane toad.
The cane toad is heavily wounded.
You feel very sick. The cane toad completely misses you.
The komodo dragon is stunned by your conviction and fails to attack.
You hit the cane toad.
The cane toad is heavily wounded.
You feel very sick. The cane toad completely misses you.
The komodo dragon bites you.
You hit the cane toad but do no damage.
The cane toad is heavily wounded.
You feel very sick. The cane toad stings you!!
You are lethally poisoned!
The cane toad poisons you!
The komodo dragon completely misses you.
You bite the komodo dragon!
You kill the komodo dragon!
* * * LOW HITPOINT WARNING * * *
You feel extremely sick. The cane toad barely misses you.
You redirect the worm's attack!
The worm bites the cane toad.
Your Spellcasting skill increases to level 7!
You bite the cane toad!
You kill the cane toad!
* * * LOW HITPOINT WARNING * * *
You feel extremely sick.
Your Air Magic skill increases to level 3!
You hit the worm.
The worm is poisoned.
The worm is lightly wounded.
* * * LOW HITPOINT WARNING * * *
You feel extremely sick.
A scorpion comes into view.
The worm misses you.
* * * LOW HITPOINT WARNING * * *
You feel extremely sick.
You die...

P.### ### #.PP##.P#.
##P..P.....
#.......s..
..........
#!w.......
#......... ..
#......... ..
##s.##..##. .
#....#####
#...##...# ....
#.........#...... #
##.......+.......##
#..###...P........
###..##.#.##.......#
#.................##
###...............P#


You could see a worm (very poisoned) and a scorpion (wandering).

Vanquished Creatures
  A hydra (Lair:1)
  A two-headed ogre (D:10)
  An ice dragon (Lair:1)
  An orc knight (Bailey)
  A deep elf pyromancer (Bailey)
  An ugly thing (D:11)
  A black mamba (Lair:2)
  6 cane toads
  4 komodo dragons
  A queen bee (Lair:2)
  A troll (D:10)
  A polar bear (Lair:2)
  A slime creature (D:8)
  5 blink frogs (Lair:1)
  A shadow (D:10)
  3 wyverns
  30 yaks
  3 basilisks
  A steam dragon (D:8)
  6 water moccasins
  3 ice beasts
  2 sky beasts
  7 orc warriors
  A necrophage (D:7)
  3 ogres
  18 wolves
  3 centaurs
  3 phantoms
  3 kobold brigands
  6 bullfrogs
  2 scorpions
  3 gnoll sergeants
  24 killer bees (Lair:2)
  2 howler monkeys
  4 wights
  2 centaur zombies
  4 hounds
  2 jellies
  An orc priest (D:7)
  A gnoll shaman (D:7)
  A centaur skeleton (D:7)
  2 iguanas
  Terence (D:2)
  6 orc wizards
  2 killer bee zombies
  2 howler monkey zombies
  20 gnolls
  7 adders
  A shadow imp (D:8)
  A white imp (D:6)
  A worm (D:4)
  A dart slug (D:3)
  38 orcs
  5 bats
  8 endoplasms
  3 giant cockroaches
  7 goblins
  6 hobgoblins
  5 quokkas
  5 ball pythons
  6 frilled lizards
  20 kobolds
  6 rats
318 creatures vanquished.

Vanquished Creatures (others)
  An orc wizard (D:8)
  3 bushes (D:10)
  14 fungi
  42 plants
60 creatures vanquished.

Grand Total: 378 creatures vanquished

Notes
Turn   | Place    | Note
-------+----------+-------------------------------------------
     0 | D:1      | Shayle the Ogre Warper began the quest for the Orb.
     0 | D:1      | Reached XP level 1. HP: 22/22 MP: 3/3
   409 | D:1      | Reached XP level 2. HP: 27/29 MP: 5/5
   861 | D:1      | Found a faded altar of an unknown god.
  1504 | D:2      | Found Soogugucs's General Store.
  1517 | D:2      | Reached XP level 3. HP: 36/36 MP: 6/6
  1952 | D:2      | Reached XP level 4. HP: 18/44 MP: 7/7
  2283 | D:2      | Noticed Terence
  2312 | D:2      | Killed Terence
  2582 | D:2      | Reached skill level 3 in Dodging
  2794 | D:3      | Noticed an ogre
  2955 | D:3      | Learned a level 2 spell: Blink
  2957 | D:3      | Learned a level 1 spell: Beastly Appendage
  3344 | D:3      | Killed an ogre
  3345 | D:3      | Reached skill level 1 in Transmutations
  3345 | D:3      | Reached XP level 5. HP: 29/50 MP: 6/8
  3562 | D:3      | Noticed an ice beast
  4024 | D:4      | Reached XP level 6. HP: 47/59 MP: 9/9
  4167 | D:4      | Learned a level 3 spell: Spider Form
  4540 | D:4      | Reached skill level 4 in Dodging
  4540 | D:4      | Reached skill level 1 in Poison Magic
  4674 | D:4      | Reached XP level 7. HP: 62/66 MP: 8/10
  5284 | D:5      | Entered Level 5 of the Dungeon
  5705 | D:5      | Reached skill level 5 in Unarmed Combat
  5737 | D:5      | Found Zin's Purification Station.
  5740 | D:5      | Found a glowing silver altar of Zin.
  6099 | D:5      | Reached XP level 8. HP: 51/74 MP: 9/11
  6241 | D:5      | Reached skill level 5 in Dodging
  6244 | D:5      | Identified the +6 ring mail of the Nexus {rElec rPois rF-
                  | Dex+7}
  6533 | D:5      | Found a staircase to the Ecumenical Temple.
  6543 | Temple   | Entered the Ecumenical Temple
  6559 | Temple   | Became a worshipper of Ru the Awakened
  6795 | D:6      | Learned a level 3 spell: Mephitic Cloud
  7535 | D:7      | Reached skill level 6 in Dodging
  7973 | D:6      | Reached XP level 9. HP: 67/80 MP: 8/12
  8673 | D:7      | Reached skill level 7 in Dodging
  8992 | D:8      | Gained mutation: You cannot study or cast Fire magic. [Ru
                  | sacrifice]
  8992 | D:8      | Gained mutation: You cannot study or cast Hexes magic. [Ru
                  | sacrifice]
  8992 | D:8      | Gained mutation: You cannot study or cast Necromancy magic.
                  | [Ru sacrifice]
  8992 | D:8      | Reached * piety under Ru
  9071 | D:8      | Reached skill level 5 in Transmutations
  9263 | D:8      | Identified a scroll of acquirement
  9263 | D:8      | Acquired the +2 hat of Spring {Rampage Int+2 Stlth+}
  9757 | D:7      | Reached skill level 8 in Dodging
  9838 | D:7      | Reached XP level 10. HP: 19/88 MP: 10/13
 10362 | D:7      | Reached skill level 9 in Dodging
 11011 | D:8      | Found Mahiul's Armour Emporium.
 11626 | D:7      | Learned a level 4 spell: Iskenderun's Mystic Blast
 12265 | D:9      | Reached skill level 1 in Conjurations
 12685 | D:10     | Entered Level 10 of the Dungeon
 12949 | D:10     | Gained mutation: You occasionally shout uncontrollably at
                  | your foes. [Ru sacrifice]
 12991 | D:10     | Noticed a two-headed ogre
 13004 | D:10     | Killed a two-headed ogre
 13005 | D:10     | Reached XP level 11. HP: 67/101 MP: 13/17
 13042 | D:10     | Found a staircase to the Lair.
 13108 | D:10     | Found a flagged portal.
 13123 | Bailey   | Entered a bailey
 13477 | Bailey   | Learned a level 3 spell: Call Canine Familiar
 13609 | Bailey   | Noticed an orc knight
 13626 | Bailey   | Killed an orc knight
 13627 | Bailey   | Reached skill level 5 in Fighting
 13834 | Bailey   | Found a large runed translucent door.
 13834 | Bailey   | Found a large runed translucent door.
 13835 | Bailey   | Noticed a deep elf pyromancer
 13877 | Bailey   | Killed a deep elf pyromancer
 14749 | D:10     | Reached skill level 10 in Dodging
 14807 | Lair:1   | Entered Level 1 of the Lair of Beasts
 15060 | Lair:1   | Reached skill level 5 in Spellcasting
 15493 | D:10     | Identified the +10 hand axe "Gaoluivic" {vorpal, +Blink
                  | Dex+6}
 15539 | D:11     | Noticed a white ugly thing
 15571 | D:11     | Killed a white ugly thing
 16515 | Lair:1   | Reached XP level 12. HP: 87/115 MP: 15/20
 16703 | Lair:1   | Learned a level 5 spell: Freezing Cloud
 16736 | Lair:1   | Noticed a four-headed hydra
 16743 | Lair:1   | Killed a four-headed hydra
 16815 | Lair:1   | Found a runed translucent gate.
 16815 | Lair:1   | Found a runed translucent gate.
 16816 | Lair:1   | Found a runed translucent gate.
 16817 | Lair:1   | Noticed Ecyzas's ghost (journeyman TeCj)
 17101 | Lair:1   | Found a burning altar of Makhleb.
 17136 | Lair:1   | Noticed an ice dragon
 17149 | Lair:1   | Killed an ice dragon
 17150 | Lair:1   | Reached skill level 1 in Ice Magic
 17150 | Lair:1   | Reached skill level 1 in Air Magic
 17485 | Lair:1   | Gained mutation: Your casting is slightly disrupted. [Ru
                  | sacrifice]
 17485 | Lair:1   | Reached ** piety under Ru
 19268 | Lair:2   | Reached skill level 5 in Conjurations
 20087 | Lair:2   | Found a runed translucent door.
 20094 | Lair:2   | Noticed southernslant's ghost (journeyman GrGl)
 20099 | Lair:2   | Identified the +6 trident "Eviscerator" {vorpal, Int+4}
 20332 | Lair:2   | Found a staircase to the Swamp.
 21124 | Lair:3   | Succumbed to a cane toad's poison

Illustrated notes

Levels and vault maps discovered:
D:1:      tarquinn_simple_flora_water_d, layout_basic, basic_ecumenical_altar,
          minmay_door_square, chequers_jeans, palyth_stone_intersect,
          fountainhead
D:2:      layout_rooms, serial_shops, nicolae_diamond_shop,
          kennysheep_another_room, uniq_terence
D:3:      layout_loops_ring, minmay_misc_feat_alley
D:4:      layout_basic
D:5:      layout_basic, zin_purify, temple_hall
D:6:      layout_basic, minmay_crystal_room, minmay_chambers_of_fives
D:7:      layout_basic
D:8:      nzn_winding_woodlands_three_and_one
          [nzn_winding_woodlands_5x15_sawtooth,
          nzn_winding_woodlands_5x15_longhouse,
          nzn_winding_woodlands_5x15_lazy_stream,
          nzn_winding_woodlands_center_lodge], layout_cave_pools, serial_shops,
          nicolae_shop_window_shopping, hex_large
D:9:      layout_irregular_city
D:10:     layout_small_grid, minmay_lair_entry_grove, enter_bailey_6,
          serial_glass, glass_columns_a, glass_columns_a, due_unseen_surprise
D:11:     layout_layer_cave, orc_0_dummy, minmay_gold_behind_fungi
Temple:   compressed_dpeg_circular_temple
Lair:1:   dragon1_lemuel, layout_hall_layers, ebering_ghost_rock_garden,
          basic_altar
Lair:2:   layout_roguey [special_room_bee], minmay_swamp_entry_eels,
          ebering_ghost_funeral_grove, beast_lair_carwin_11,
          serial_bayou_shore_a, grunt_megastairs_2
Lair:3:   layout_regular_city, nicolae_spider_entry_non_spiders,
          nicolae_lair_grazing_beasts [nicolae_sub_lair_graze_edge,
          nicolae_sub_lair_graze_edge, nicolae_sub_lair_graze_edge,
          nicolae_sub_lair_graze_edge], lemuel_fruit_fields

Skill      XL: |  1  2  3  4  5  6  7  8  9 10 11 12 |
---------------+-------------------------------------+-----
Unarmed Combat | 2 3 4 5 6 7 8 9 |  9.0
Dodging        | 3 4 6 8 9 10 | 10.8
Transmutations | 1 2 3 4 5 7 8 |  8.0
Poison Magic   | 1 2 |  2.4
Fighting       | 4 6 8 |  8.1
Spellcasting   | 4 5 7 |  7.0
Conjurations   | 2 4 5 |  5.2
Ice Magic      | 2 |  2.8
Air Magic      | 3 |  3.0
Throwing       | |  1.0
Translocations | |  2.6

Action                   |  1- 3 |  4- 6 |  7- 9 | 10-12 || total
-------------------------+-------+-------+-------+-------++-------
Melee: Unarmed           |   118 |   152 |   327 |   463 ||  1060
       Punch             |     1 |     6 |       |       ||     7
       Kick              |       |    22 |    17 |    15 ||    54
       Headbutt          |       |    12 |    12 |    11 ||    35
       Hand axe          |       |       |       |   116 ||   116
Throw: Dart              |    11 |     8 |       |     1 ||    20
       Boomerang         |     3 |       |       |       ||     3
       Javelin           |       |       |       |     4 ||     4
 Cast: Beastly Appendage |       |    25 |    11 |     8 ||    44
       Blink             |       |     1 |     1 |     6 ||     8
       Spider Form       |       |       |    33 |    33 ||    66
       Mephitic Cloud    |       |       |       |    25 ||    25
       Call Canine Famil |       |       |       |     3 ||     3
Invok: Sacrifice Arcana  |       |       |     1 |       ||     1
       Sacrifice Purity  |       |       |       |     1 ||     1
       Sacrifice Essence |       |       |       |     1 ||     1
 Abil: Evoke Blink       |       |       |       |     1 ||     1
Evoke: Wand              |       |       |       |    15 ||    15
  Use: Scroll            |       |     2 |    11 |    20 ||    33
       Potion            |       |       |       |     6 ||     6
 Stab: Paralysed         |       |       |       |     6 ||     6
       Confused          |       |       |       |    17 ||    17
       Distracted        |       |       |       |     2 ||     2
       Sleeping          |       |       |       |     1 ||     1
Armor: Robe              |    31 |    37 |    12 |    32 ||   112
       Skin              |       |       |    13 |    16 ||    29
Dodge: Dodged            |    53 |    67 |   221 |   550 ||   891
Block: Other             |       |       |    62 |   111 ||   173
       Reflection        |       |       |     1 |     3 ||     4
       Orb               |       |       |     6 |    55 ||    61

Table legend: (Time is in decaauts)
 A = Elapsed time spent in this place.
 B = Non-inter-level travel time spent in this place.
 C = Inter-level travel time spent in this place.
 D = Time resting spent in this place.
 E = Time spent auto-exploring this place.
 F = Levels seen in this place.
 G = Mean time per level.
                   A        B        C        D        E       F      G
               +--------+--------+--------+--------+--------+-----+--------+
         Total |  21318 |  20607 |    711 |   9623 |   6418 |  16 | 1332.4 |
       Dungeon |  15144 |  14507 |    637 |   6084 |   4937 |  11 | 1376.7 |
        Temple |     26 |     16 |     10 |      0 |      5 |   1 |   26.0 |
          Lair |   5247 |   5183 |     64 |   2945 |   1441 |   3 | 1749.0 |
        Bailey |    899 |    899 |      0 |    593 |     35 |   1 |  899.0 |
               +--------+--------+--------+--------+--------+-----+--------+

Top non-repeatable levels by time:
  Lair:2: 2605 daAuts
     D:7: 2424 daAuts
  Lair:1: 2285 daAuts
    D:10: 2236 daAuts
     D:5: 1712 daAuts
     D:4: 1426 daAuts
     D:1: 1419 daAuts
     D:2: 1380 daAuts
     D:3: 1307 daAuts
     D:8: 1281 daAuts
     D:9: 971 daAuts
     D:6: 943 daAuts
  Bailey: 899 daAuts
  Lair:3: 357 daAuts
    D:11: 42 daAuts
